AoeStats
← 543880365

Arena

508616269Analyzed
4v4 RM · 7d ago on Sep 23, 2026· 40m 17s· 8 players
Game mode
Random Map
Map size
Large (8 player)
Population
200
Speed
Normal
Resources
Standard
Victory
Conquest
Starting age
Dark Age
Ending age
Imperial Age
RankedLock teamsTeams togetherTeam positionsShared explorationLock speedFull tech treeHidden civsTurbo modeCheats
Victory
Defeat
🇩🇪 Saxons · Germany
1465
+12
🇮🇳 Turks · India
1412
+14
🇳🇱 Danes · Netherlands
1404
+15
🇨🇦 Varangians · Canada
1356
+17
🇨🇳 Hindustanis · China
1393
-15
🇻🇳 Italians · Vietnam
1387
-15
🇻🇳 Lithuanians · Vietnam
1385
-15
🇵🇪 Cumans · Peru
1347
-13
GansGanssen
9:33 Feudal Age
13:39 Castle Age
12:02 Double-Bit Axe
12:11 Horse Collar
12:45 Loom
13:59 Loom
17:14 Forging
21:30 Scale Mail Armor
22:45 Wheelbarrow
23:55 Gold Mining
24:25 Arson
24:41 Squires
25:35 Hand Cart
25:45 Bow Saw
25:36 Heavy Plow
27:21 Chain Mail Armor
29:23 Stone Mining
31:00 Iron Casting
32:14 Gold Shaft Mining
32:17 Stone Shaft Mining
33:01 Hamask
38:22 Imperial Age
39:45 Plate Mail Armor
38:45 Elite Jomsviking
41:22 Blast Furnace
koppzer
11:37 Feudal Age
10:44 Loom
15:17 Castle Age
13:12 Double-Bit Axe
13:53 Stone Mining
15:18 Horse Collar
16:19 Bow Saw
23:46 Wheelbarrow
27:01 Forging
28:48 Heavy Plow
30:19 Scale Mail Armor
30:27 Scale Barding Armor
34:36 Imperial Age
33:23 Hand Cart
33:07 Gold Mining
33:36 Pikeman
34:17 Squires
34:45 Scale Mail Armor
35:21 Iron Casting
35:50 Iron Casting
34:53 Elite Varangian Guard
37:45 Two-Man Saw
37:12 Chain Mail Armor
38:54 Plate Mail Armor
38:28 Gothikon
40:33 Gambesons
40:38 Arson
软脚虾3号
10:39 Feudal Age
11:45 Double-Bit Axe
14:27 Castle Age
12:57 Horse Collar
15:32 Bow Saw
20:18 Heavy Plow
21:55 Wheelbarrow
21:44 Gold Mining
22:09 Stone Mining
24:32 Loom
27:20 Imperial Age
25:46 Hand Cart
25:18 Town Watch
26:44 Gold Shaft Mining
26:22 Husbandry
26:32 Bloodlines
26:26 Fletching
27:02 Ballistics
27:27 Bodkin Arrow
27:32 Padded Archer Armor
27:25 Cranequins
28:12 Thumb Ring
28:32 Conscription
28:59 Bracer
29:14 Leather Archer Armor
30:01 Chemistry
28:46 Shield Wall
30:47 Two-Man Saw
30:03 Heavy Mounted Crossbowman
31:54 Ring Archer Armor
31:25 Scale Mail Armor
31:35 Forging
31:54 Bloodlines
32:04 Squires
31:49 Arson
32:38 Crop Rotation
33:26 Capped Ram
34:19 Siege Ram
35:52 Chain Mail Armor
36:12 Iron Casting
36:13 Guilds
37:00 Caravan
38:06 Plate Mail Armor
37:01 Elite Varangian Guard
ImperialSheep
5:23 Loom
8:23 Feudal Age
11:00 Fletching
20:13 Castle Age
19:00 Double-Bit Axe
19:52 Horse Collar
21:14 Bow Saw
23:18 Wheelbarrow
28:23 Gold Mining
33:36 Imperial Age
32:10 Bodkin Arrow
32:23 Husbandry
32:57 Ballistics
32:48 Masonry
33:21 Thumb Ring
33:52 Padded Archer Armor
34:15 Sipahi
34:22 Bloodlines
34:26 Bracer
34:19 Heavy Cavalry Archer
35:54 Parthian Tactics
38:23 Leather Archer Armor
38:16 Scale Barding Armor
40:03 Ring Archer Armor
543880365
10:04 Feudal Age
13:49 Castle Age
11:36 Double-Bit Axe
12:03 Horse Collar
14:46 Bow Saw
15:03 Heavy Plow
20:08 Wheelbarrow
20:55 Stone Mining
21:28 Gold Mining
27:13 Imperial Age
25:24 Gold Shaft Mining
24:45 Loom
25:16 Hand Cart
25:09 Padded Archer Armor
26:07 Leather Archer Armor
26:13 Ballistics
26:48 Grand Trunk Road
26:53 Town Watch
28:18 Conscription
29:01 Chemistry
28:34 Ring Archer Armor
28:09 Shatagni
27:46 Siege Elephant
28:49 Siege Engineers
29:36 Fortified Wall
29:37 Masonry
29:22 Murder Holes
31:20 Scale Barding Armor
31:25 Forging
34:00 Chain Barding Armor
34:15 Iron Casting
34:39 Husbandry
34:49 Bloodlines
34:48 Heavy Camel Rider
36:26 Plate Barding Armor
37:08 Blast Furnace
mryendl2410
8:37 Loom
10:23 Feudal Age
20:58 Castle Age
19:13 Double-Bit Axe
20:11 Horse Collar
20:26 Gold Mining
26:55 Imperial Age
28:30 Fletching
29:08 Padded Archer Armor
31:44 Wheelbarrow
31:57 Bodkin Arrow
39:05 Ballistics
39:46 Chemistry
39:22 Bow Saw
Death_G
8:45 Feudal Age
9:33 Double-Bit Axe
9:30 Horse Collar
15:01 Wheelbarrow
18:59 Castle Age
16:46 Loom
17:44 Scale Barding Armor
18:37 Bloodlines
19:24 Forging
20:06 Chain Barding Armor
21:38 Town Watch
24:57 Iron Casting
31:37 Town Watch
piecardinap
12:49 Feudal Age
13:46 Horse Collar
13:52 Double-Bit Axe
16:25 Castle Age
17:41 Scale Barding Armor
20:52 Wheelbarrow
22:02 Bloodlines
22:02 Loom
23:15 Gold Mining
26:25 Fletching
31:27 Imperial Age
30:16 Chain Barding Armor
30:54 Forging
31:28 Cavalier
32:45 Plate Barding Armor
34:29 Stone Mining
36:58 Bow Saw
36:49 Heavy Plow
37:52 Husbandry
38:29 Iron Casting
39:21 Bodkin Arrow
Connection lost

Rejoining the realm…

Still unreachable

The connection could not be restored.

Session expired

The server has moved on; the page needs a fresh start.